 Dungeon Crawl Stone Soup version 0.22.0 (webtiles) character file.

10124 lukekx100 the Reanimator (level 11, -5/81 HPs)
             Began as a Deep Dwarf Necromancer on Aug 10, 2018.
             Slain by Snorg (8 damage)
             ... on level 11 of the Dungeon.
             The game lasted 01:21:37 (8634 turns).

lukekx100 the Reanimator (Deep Dwarf Necromancer)   Turns: 8634, Time: 01:21:38

Health: -5/81      AC: 13    Str: 16      XL:     11   Next: 32%
Magic:  8/8        EV: 26    Int: 25      God:
Gold:   743        SH:  0    Dex: 12 (13) Spells: 1/24 levels left

rFire    . . .     SeeInvis +   V - +6 demon blade "Anisu" {pain, rPois rC+ Int+4 SInv}
rCold    + . .     Gourm    .   (no shield)
rNeg     . . .     Faith    .   C - +3 scale mail
rPois    +         Spirit   .   w - +2 helmet {Int+3}
rElec    .         Reflect  .   (no cloak)
rCorr    .         Harm     .   (no gloves)
MR       +....                  (no boots)
Stlth    +.........             K - amulet of the acrobat
HPRegen  0.00/turn              R - ring of see invisible
MPRegen  0.11/turn              i - +3 ring of strength

@: non-regenerating
A: damage resistance, heal wounds, sense surroundings 2, no regeneration
a: Heal Wounds


You were on level 11 of the Dungeon.
You were hungry.

You visited 1 branch of the dungeon, and saw 11 of its levels.

You collected 743 gold pieces.

Inventory:

Hand Weapons
 g - a +0 dagger
 m - a +2 long sword of electrocution
 s - a +0 dagger
 z - a +1 dire flail of protection
 V - the +6 demon blade "Anisu" (weapon) {pain, rPois rC+ Int+4 SInv}
   (You acquired it on level 10 of the Dungeon)

   In the hands of one skilled in necromantic magic, it inflicts extra damage on
   living creatures.
   It affects your intelligence (+4).
   It protects you from cold.
   It protects you from poison.
   It lets you see invisible.
Armour
 a - a +0 robe
 f - +0 steam dragon scales
 n - a +0 ring mail
 p - a cursed +0 ring mail
 t - a +0 leather armour
 w - a +2 helmet of intelligence (worn)
 A - a +0 ring mail
 C - a +3 scale mail (worn)
 T - a +0 troll leather armour
Jewellery
 i - a +3 ring of strength (right hand)
 D - an uncursed ring of teleportation
 F - a cursed ring of flight
 K - an amulet of the acrobat (around neck)
 N - an uncursed ring of attention
 O - an uncursed ring of protection from cold
 R - a ring of see invisible (left hand)
 U - an uncursed ring of protection from cold
 W - an uncursed ring of fire
Wands
 k - a wand of scattershot (6)
 G - a wand of digging (12)
 J - a wand of disintegration (16)
 P - a wand of acid (10)
 S - a wand of iceblast (12)
Scrolls
 h - 2 scrolls of magic mapping
 j - a scroll of random uselessness
 l - 3 scrolls of amnesia
 q - 7 scrolls of teleportation
 v - a scroll of fog
 y - a scroll of remove curse
 B - 3 scrolls of fear
 Q - a scroll of enchant weapon
 X - a scroll of blinking
Potions
 b - a potion of resistance
 d - 2 potions of agility
 e - 2 potions of brilliance
 o - a potion of haste {unknown}
 r - a potion of flight {unknown}
 u - 3 potions of might {unknown}
 x - 3 potions of degeneration {unknown}
 E - 2 potions of invisibility {unknown}
 H - 5 potions of curing {unknown}
 I - 4 potions of lignification {unknown}
 L - 3 potions of magic {unknown}
 M - 2 potions of mutation {unknown}
Comestibles
 c - 17 rations
 Y - 2 chunks of flesh


   Skills:
 - Level 0.1 Fighting
 * Level 8.6 Long Blades
 + Level 4.6 Armour
 + Level 4.3 Dodging
 + Level 3.1 Stealth
 + Level 7.0 Spellcasting
 * Level 4.5 Conjurations
 * Level 3.8 Hexes
 * Level 10.2 Necromancy
 * Level 4.4 Fire Magic


You had one spell level left.
You knew the following spells:

 Your Spells              Type           Power        Failure   Level  Hunger
a - Pain                  Necr           ####         1%          1    None
b - Animate Skeleton      Necr           N/A          1%          1    None
c - Vampiric Draining     Necr           ######....   1%          3    None
d - Animate Dead          Necr           N/A          3%          4    ###....
e - Confusing Touch       Hex            ####..       4%          1    None
f - Flame Tongue          Conj/Fire      ####.        3%          1    None
g - Throw Flame           Conj/Fire      ####..       5%          2    None
h - Conjure Flame         Conj/Fire      ####....     11%         3    None
i - Inner Flame           Hex/Fire       ####....     12%         3    None
j - Confuse               Hex            ####....     14%         3    None
k - Sandblast             Erth           #.....       22%         1    None

Your spell library contained the following spells:

 Spells                   Type           Power        Failure   Level  Hunger
 Fireball                 Conj/Fire      ####......   67%         5    #####..
 Sticky Flame             Conj/Fire      ####....     34%         4    ###....
 Regeneration             Chrm/Necr      ####......   9%          3    None
 Stone Arrow              Conj/Erth      ###...       26%         3    None
 Passwall                 Tmut/Erth      #.......     32%         2    None
 Metabolic Englaciation   Hex/Ice        ###.......   95%         5    #####..
 Lee's Rapid Deconstruct  Erth           #.........   99%         5    #####..
 Petrify                  Tmut/Erth      #.......     91%         4    ###....
 Gell's Gravitas          Tloc           #.........   54%         3    None
 Yara's Violent Unravell  Hex/Tmut       ###.......   95%         5    #####..


Dungeon Overview and Level Annotations

Branches:
Dungeon (11/15)            Temple (0/1) D:6            Lair (0/6) D:11
    Orc (0/2) D:9

Altars:
Elyvilon
Hepliaklqana
Kikubaaqudgha
Makhleb
Nemelex Xobeh
Okawaru
Trog
Uskayaw
Xom
Yredelemnul
The Shining One

Annotations:
D:3 4 runed doors, Lilu's ghost, amateur DECj
D:6 4 runed doors
D:9 1 runed door, Ymberto's ghost, novice DEFE
D:11 Psyche; Snorg


Innate Abilities, Weirdness & Mutations

You are resistant to damage.
You can heal yourself by infusing magical energy.
You passively map the area around you.
You do not regenerate.


Message History

The bullfrog hits you.
* * * LOW HITPOINT WARNING * * *
Snorg rages.
The gnoll hits your orc priest zombie but does no damage.
The bullfrog hits your orc priest zombie!
Your orc priest zombie is destroyed!
The gnoll shouts!
Snorg bites you.
* * * LOW HITPOINT WARNING * * *
Snorg barely misses you. Snorg completely misses you. Snorg bites you!!
* * * LOW HITPOINT WARNING * * *
Snorg completely misses you. Snorg closely misses you.
Psyche laughs secretively.
Snorg rages.
Snorg closely misses you.
You riposte.
Your scale mail prevents you from hitting Snorg.
Snorg is lightly wounded.
Snorg completely misses you. Snorg claws you!
You die...

........>#...#.......
.........#...#8_.....
,.......<.#...#.8..8.8
......)@)#...########
,, ####r##........#..
#..)r.....##...#..
#.rg...........#.. ,
,#TF###.###.###.#.. ,
#@...#...#.#...#.. * ,
#..###.###.###Z#.. *
,#..............Z.. *
#......^.......... ,
#..###.###.#.#.#..
#..#.#...#.#.#.#..
#..#.#.###.###.#.. * ,
#..............#.. ,
,#........).....#..


You could see Snorg (berserk), Psyche (invisible), a bullfrog, 3 porcupines and
a gnoll.

Vanquished Creatures
  3 two-headed ogres
  Pikel (D:8)
  A gargoyle (D:9)
  A troll (D:9)
  A hornet (D:8)
  Prince Ribbit (D:9)
  A spriggan (D:7)
  4 yaks (D:10)
  A steam dragon (D:7)
  Edmund (D:4)
  A water moccasin (D:9)
  A soldier ant (D:6)
  7 orc warriors
  A black bear (D:10)
  4 ice beasts
  3 sky beasts
  4 phantoms
  A necrophage (D:7)
  4 ogres
  4 centaurs
  6 big kobolds
  5 bullfrogs
  2 scorpions
  3 howler monkeys (D:10)
  5 crimson imps
  A centaur zombie (D:6)
  A quasit (D:10)
  4 jellies
  A gnoll shaman (D:9)
  5 orc priests
  6 hounds
  3 bullfrog skeletons
  Jessica (D:3)
  3 iguanas
  10 orc wizards
  9 worker ants
  A hound zombie (D:10)
  A hound skeleton (D:4)
  2 howler monkey zombies
  3 worker ant zombies
  10 gnolls
  A howler monkey skeleton (D:5)
  14 adders
  A shadow imp (D:10)
  An ooze (D:3)
  2 adder skeletons
  2 worms
  5 leopard geckos
  44 orcs
  7 giant cockroaches
  5 hobgoblins
  3 jackals (D:5)
  36 kobolds
  6 quokkas
  A ball python (D:3)
  5 bats
  2 frilled lizards (D:1)
  7 goblins
  A leopard gecko zombie (D:8)
  A quokka skeleton (D:5)
  A quokka zombie (D:5)
  3 rats (D:1)
275 creatures vanquished.

Vanquished Creatures (collateral kills)
  A manticore (D:11)
  A crocodile (D:8)
  A water moccasin skeleton (D:7)
  A hound (D:11)
  A gnoll (D:11)
  An orc (D:9)
  A kobold (D:9)
7 creatures vanquished.

Vanquished Creatures (others)
  A centaur (D:8)
1 creature vanquished.

Grand Total: 283 creatures vanquished

Notes
Turn   | Place    | Note
-------+----------+-------------------------------------------
     0 | D:1      | lukekx100 the Deep Dwarf Necromancer began the quest for the Orb.
     0 | D:1      | Reached XP level 1. HP: 15/15 MP: 3/3
    85 | D:1      | Learned a level 1 spell: Animate Skeleton
   689 | D:1      | Reached XP level 2. HP: 22/22 MP: 1/5
  1395 | D:2      | Reached skill level 5 in Necromancy
  1395 | D:2      | Reached XP level 3. HP: 24/28 MP: 1/6
  1590 | D:3      | Reached XP level 4. HP: 36/36 MP: 0/7
  1597 | D:3      | Noticed Jessica
  1604 | D:3      | Killed Jessica
  1619 | D:3      | Learned a level 3 spell: Vampiric Draining
  1668 | D:3      | Reached skill level 1 in Long Blades
  1714 | D:3      | Found a runed door.
  1732 | D:3      | Reached XP level 5. HP: 41/42 MP: 7/9
  1919 | D:3      | Noticed Lilu's ghost (amateur DECj)
  1929 | D:3      | Found a runed gate.
  1929 | D:3      | Found a runed gate.
  1932 | D:3      | Found a runed gate.
  2342 | D:4      | Reached skill level 6 in Necromancy
  2346 | D:4      | Reached XP level 6. HP: 45/49 MP: 0/11
  2352 | D:4      | Learned a level 4 spell: Animate Dead
  2354 | D:4      | Learned a level 1 spell: Confusing Touch
  2449 | D:4      | Found a burning altar of Makhleb.
  2515 | D:4      | Noticed Edmund
  2523 | D:4      | Killed Edmund
  2523 | D:4      | Reached XP level 7. HP: 42/55 MP: 6/11
  3025 | D:5      | Entered Level 5 of the Dungeon
  3231 | D:5      | Reached skill level 7 in Necromancy
  3236 | D:5      | Learned a level 1 spell: Flame Tongue
  3239 | D:5      | Learned a level 2 spell: Throw Flame
  3353 | D:5      | Reached skill level 5 in Spellcasting
  3353 | D:5      | Reached XP level 8. HP: 62/62 MP: 3/12
  4095 | D:6      | Found a large runed door.
  4095 | D:6      | Found a large runed door.
  4118 | D:6      | Reached skill level 1 in Conjurations
  4118 | D:6      | Reached skill level 1 in Hexes
  4165 | D:6      | Found a large runed door.
  4165 | D:6      | Found a large runed door.
  4290 | D:6      | Reached skill level 1 in Armour
  4321 | D:6      | Found a bloodstained altar of Trog.
  4367 | D:6      | Found a staircase to the Ecumenical Temple.
  4435 | D:6      | Reached skill level 1 in Fire Magic
  4442 | D:6      | Reached skill level 8 in Necromancy
  4553 | D:6      | Found a hide-covered altar of Uskayaw.
  4559 | D:6      | Found a glowing golden altar of the Shining One.
  4559 | D:6      | Found a basalt altar of Yredelemnul.
  4559 | D:6      | Found an ancient bone altar of Kikubaaqudgha.
  4560 | D:6      | Found a sparkling altar of Nemelex Xobeh.
  4566 | D:6      | Found a white marble altar of Elyvilon.
  4659 | D:6      | Gained mutation: You passively map the area around you. [Deep Dwarf growth]
  4659 | D:6      | Reached XP level 9. HP: 55/68 MP: 3/11
  4762 | D:7      | Reached skill level 5 in Long Blades
  5411 | D:8      | Noticed a two-headed ogre
  5432 | D:8      | Killed a two-headed ogre
  5544 | D:8      | Reached skill level 9 in Necromancy
  5615 | D:8      | Noticed Pikel
  5625 | D:8      | Killed Pikel
  5625 | D:8      | Reached XP level 10. HP: 75/75 MP: 6/9
  5733 | D:8      | Found a sand-covered staircase.
  5951 | D:8      | Noticed a two-headed ogre
  5958 | D:8      | Killed a two-headed ogre
  6297 | D:9      | Noticed Prince Ribbit
  6316 | D:9      | Killed Prince Ribbit
  6611 | D:9      | Found a runed door.
  6613 | D:9      | Noticed Ymberto's ghost (novice DEFE)
  6614 | D:9      | Noticed an unseen horror
  6614 | D:9      | a meliai changed into an unseen horror
  6780 | D:9      | Noticed a gargoyle
  6795 | D:9      | Killed a gargoyle
  6873 | D:9      | Found a staircase to the Orcish Mines.
  7414 | D:10     | Entered Level 10 of the Dungeon
  7744 | D:10     | Reached XP level 11. HP: 58/81 MP: 8/8
  7759 | D:10     | Learned a level 3 spell: Conjure Flame
  7763 | D:10     | Learned a level 3 spell: Inner Flame
  7767 | D:10     | Learned a level 3 spell: Confuse
  7769 | D:10     | Learned a level 1 spell: Sandblast
  7922 | D:10     | Reached skill level 10 in Necromancy
  8336 | D:10     | Identified 2 scrolls of acquirement
  8341 | D:10     | Got a translucent demon blade
  8342 | D:10     | Identified the +6 demon blade "Anisu" {pain, rPois rC+ Int+4 SInv} (You acquired it on level 10 of the Dungeon)
  8405 | D:11     | Noticed a two-headed ogre
  8414 | D:11     | Killed a two-headed ogre
  8530 | D:11     | Found a shimmering altar of Xom.
  8532 | D:11     | Found an iron altar of Okawaru.
  8532 | D:11     | Found a shimmering altar of Xom.
  8534 | D:11     | Found an iron altar of Okawaru.
  8534 | D:11     | Found a glowing golden altar of the Shining One.
  8534 | D:11     | Found a hazy altar of Hepliaklqana.
  8610 | D:11     | Noticed Snorg
  8617 | D:11     | Noticed Psyche
  8633 | D:11     | HP: 3/81 [Snorg (16)]
  8634 | D:11     | Slain by Snorg

Skill      XL: |  1  2  3  4  5  6  7  8  9 10 11 |
---------------+----------------------------------+-----
Spellcasting   | 2 3 4 5 6 7 |  7.0
Necromancy     | 5 6 7 8 9 10 | 10.2
Long Blades    | 1 2 3 4 6 7 8 |  8.6
Dodging        | 3 4 |  4.3
Stealth        | 3 |  3.1
Conjurations   | 2 3 4 |  4.5
Hexes          | 1 2 3 |  3.8
Armour         | 1 3 4 |  4.6
Fire Magic     | 1 3 4 |  4.4
Fighting       | |  0.1

Action                   |  1- 3 |  4- 6 |  7- 9 | 10-12 || total
-------------------------+-------+-------+-------+-------++-------
Melee: Unarmed           |    24 |       |       |       ||    24
       Dagger            |     9 |       |       |       ||     9
       Long sword        |    13 |    79 |   242 |   315 ||   649
       Demon blade       |       |       |       |    51 ||    51
 Cast: Pain              |    23 |    54 |   127 |    30 ||   234
       Vampiric Draining |       |     6 |    14 |     9 ||    29
       Animate Dead      |       |       |     7 |    10 ||    17
       Flame Tongue      |       |       |       |     4 ||     4
       Confusing Touch   |       |       |       |     2 ||     2
 Abil: Heal Wounds       |     2 |     4 |    30 |    26 ||    62
  Use: Scroll            |     3 |       |    15 |     6 ||    24
 Stab: Sleeping          |     2 |       |       |       ||     2
  Eat: Chunk             |     2 |     2 |     2 |     7 ||    13
       Ration            |       |     1 |     3 |     1 ||     5
Armor: Robe              |     7 |       |       |       ||     7
       Ring mail         |     2 |    31 |       |       ||    33
       Scale mail        |       |       |    99 |   161 ||   260
Dodge: Dodged            |    28 |    63 |   155 |   284 ||   530
       Rpst.: Long sword |     7 |    23 |    44 |    57 ||   131
       Demon blade       |       |       |       |    16 ||    16
